 Dungeon Crawl Stone Soup version 0.28.0-49-g6dfe1f597d (webtiles) character file.

Game seed: 15666899478195676645

6036 CryoSword the Severer (level 10, 0/59 HPs)
             Began as a Tengu Abyssal Knight on May 15, 2022.
             Was an Elder of Lugonu.
             Slain by an orc warrior
             ... wielding a +0 glaive
              (13 damage)
             ... in a bailey.
             The game lasted 00:11:08 (7721 turns).

CryoSword the Severer (Tengu Abyssal Knight)        Turns: 7721, Time: 00:11:08

Health: 0/59       AC: 15    Str: 16    XL:     10   Next: 86%
Magic:  14/14      EV: 12    Int: 15    God:    Lugonu [****..]
Gold:   345        SH:  0    Dex: 17    Spells: 9/9 levels left

rFire   . . .      SeeInvis +   m - +0 war axe (venom)
rCold   . . .      Faith    .   (no shield)
rNeg    + . .      Spirit   .   b - +1 chain mail of Dice, Bag, and Bottle {Regen+ SInv}
rPois   +          Reflect  .   (helmet restricted)
rElec   .          Harm     .   t - +2 ratskin cloak {*Rats rPois rN+ Str-1 Int-1 Dex+1}
rCorr   .          Rampage  .   d - +0 pair of gloves
Will    .....                   (boots unavailable)
Stlth   ..........              (no amulet)
HPRegen 0.99/turn               s - +6 ring of intelligence
MPRegen 0.14/turn               (no ring)

@: flying quickly and evasively, studying Dodging, quick
A: beak, talons 3, nimble flight
a: Renounce Religion, Depart the Abyss, Bend Space, Banish, Corrupt


You were in a bailey.
You worshipped Lugonu.
Lugonu was greatly pleased with you.
You visited 1 branch of the dungeon, and saw 8 of its levels.
You visited the Abyss 1 time.
You also visited: Bailey.

You collected 345 gold pieces.

Inventory:

Hand Weapons
 m - a +0 war axe of venom (weapon)
   (You found it on level 4 of the Dungeon)
Missiles
 g - 6 poisoned darts
 p - 15 boomerangs
Armour
 b - the +1 chain mail of Dice, Bag, and Bottle (worn) {Regen+ SInv}
   (You found it on level 7 of the Dungeon)

   SInv:      It lets you see invisible.
   Regen:     It increases your rate of health regeneration.
 d - a +0 pair of gloves (worn)
   (You found it on level 1 of the Dungeon)
 t - the +2 ratskin cloak (worn) {*Rats rPois rN+ Str-1 Int-1 Dex+1}
   (You found it on level 5 of the Dungeon)

   When the wearer is hurt, rats may emerge from it to assist them.
   Str:       It affects your strength (-1).
   Int:       It affects your intelligence (-1).
   Dex:       It affects your dexterity (+1).
   rPois:     It protects you from poison.
   rN:        It protects you from negative energy.
Jewellery
 s - a +6 ring of intelligence (left hand)
   (You found it on level 5 of the Dungeon)
Wands
 q - a wand of charming (3)
   (You found it on level 8 of the Dungeon)
 w - a wand of paralysis (3) (quivered)
   (You took it off Maggie on level 6 of the Dungeon)
 x - a wand of iceblast (7)
   (You found it on level 8 of the Dungeon)
Scrolls
 a - a scroll of acquirement {unknown}
 e - 6 scrolls of teleportation {@r4}
 f - a scroll of fog
 l - 2 scrolls of noise {unknown}
 n - 2 scrolls of vulnerability {unknown}
 A - a scroll of fear
Potions
 c - 2 potions of haste {@q3}
 h - a potion of magic {unknown}
 i - a potion of curing {@q1}
 k - 2 potions of mutation {!q}
 o - 3 potions of attraction {!q}
 r - a potion of lignification {unknown}
 v - a potion of invisibility {unknown}
 B - a potion of berserk rage {unknown}
Miscellaneous
 j - a box of beasts (inert)
   (You found it in a bailey)


   Skills:
 - Level 5.1 Fighting
 - Level 15.2 Axes
 - Level 4.9 Armour
 * Level 8.2 Dodging
 - Level 4.2 Stealth
 + Level 4.3 Invocations


You had 9 spell levels left.
You didn't know any spells.
Your spell library contained the following spells:

 Spells                   Type           Power      Damage    Failure   Level
 Animate Skeleton         Necr           0%         N/A       99%         1
 Apportation              Tloc           0%         N/A       99%         1
 Pain                     Necr           0%         1d4       99%         1
 Summon Small Mammal      Summ           0%         N/A       99%         1
 Tukima's Dance           Hex            0%         N/A       100%        3
 Anguish                  Hex/Necr       0%         N/A       100%        4
 Summon Lightning Spire   Summ/Air       0%         N/A       100%        4
 Agony                    Necr           0%         N/A       100%        5
 Excruciating Wounds      Necr           0%         N/A       100%        5
 Freezing Cloud           Conj/Ice/Air   0%         6-21      100%        5
 Simulacrum               Ice/Necr       0%         N/A       100%        6
 Enfeeble                 Hex            0%         N/A       100%        7
 Storm Form               Tmut/Air       0%         N/A       100%        7
 Maxwell's Capacitive Co  Air            0%         ∞         100%        8
 Polar Vortex             Ice            0%         N/A       100%        9


Dungeon Overview and Level Annotations

Branches:
Dungeon (8/15)             Temple (0/1) D:6          Bailey (1/1)
   Lair: D:8-11

Altars:
Gozag

Shops:
D:6 (


Innate Abilities, Weirdness & Mutations

You have a beak for a mouth.
You have claws for feet.
Your magical nature lets you fly swiftly and evasively.


Message History

a +0 halberd; a +0 ring mail; an orc corpse
There is an open door, spattered with blood here.
You reach down and open the door.
An orc warrior comes into view. It is wielding a +0 glaive.
The orc warrior shouts!
The orc warrior closely misses you.
The orc warrior hits you but does no damage.
There is an open door here.
You closely miss the orc warrior.
You claw the orc warrior, but do no damage.
You peck the orc warrior, but do no damage.
You closely miss the orc warrior. You claw the orc warrior!
The orc warrior hits you with a +0 glaive.
You barely miss the orc warrior. You claw the orc warrior.
You peck the orc warrior, but do no damage.
The orc warrior hits you with a +0 glaive!
You hit the orc warrior. Your kick misses the orc warrior.
You closely miss the orc warrior. Your kick misses the orc warrior.
You peck the orc warrior, but do no damage.
The orc warrior barely misses you.
You slash the orc warrior! The orc warrior barely misses you.
You slash the orc warrior!
You kill the orc warrior!
Lugonu accepts your kill.
No target in view!
Things that are here:
a +0 glaive; a +0 chain mail; an orc corpse
There is an open door here.
Could not explore, unopened door.
You reach down and open the door.
No target in view!
Could not explore, unopened door.
You reach down and open the door.
An orc warrior comes into view. It is wielding a +0 glaive.
The orc warrior hits you from afar with a +0 glaive!
A river rat scurries out from under your cloak.
There is an open door here.
You slash the orc warrior!
The orc warrior looks as sick as possible!
Your kick misses the orc warrior.
You peck the orc warrior, but do no damage.
The orc warrior misses you.
You barely miss the orc warrior. You claw the orc warrior.
You peck the orc warrior. The orc warrior closely misses you.
You hit the orc warrior but do no damage.
The orc warrior looks as sick as possible!
You claw the orc warrior, but do no damage.
Your peck misses the orc warrior.
You kill the orc warrior!
Lugonu accepts your kill.
Your Dodging skill increases to level 8!
No target in view!
Things that are here:
a +0 glaive; a +0 ring mail; an orc corpse You swap places.
There is an open door here.
Could not explore, unopened door.
You reach down and open the door.
An orc comes into view. It is wielding a +0 trident.
The orc hits you but does no damage. The orc misses you.
There is an open door here.
You hit the orc.
The orc is poisoned.
You claw the orc, but do no damage. You peck the orc, but do no damage.
The orc hits you but does no damage.
You hit the orc.
You kill the orc!
Lugonu accepts your kill.
No target in view!
Things that are here:
a +0 trident; a +0 chain mail You swap places.
There is an open door here.
You reach down and open the door.
An orc warrior comes into view. It is wielding a +0 halberd.
The orc warrior hits you from afar with a +0 halberd.
The orc warrior hits you with a +0 halberd!
A hell rat scurries out from under your cloak.
There is an open door here.
You slice the orc warrior!!
The orc warrior looks as sick as possible!
You claw the orc warrior. The orc warrior misses you.
You hit the orc warrior.
The orc warrior looks as sick as possible!
Your kick misses the orc warrior.
The orc warrior hits you with a +0 halberd.
You barely miss the orc warrior. Your kick misses the orc warrior.
Your peck misses the orc warrior. You slash the orc warrior!
You kill the orc warrior!
Lugonu accepts your kill.
Your river rat returns to the shadows of the Dungeon!
No target in view!
Things that are here:
a +0 halberd; a +0 scale mail; an orc corpse You swap places.
There is an open door here.
You reach down and open the gate.
Found a box of beasts.
Found two gates leading back out of this place.
There is an open gate here.
Your hell rat returns to the shadows of the Dungeon!
You see here a box of beasts.
j - a box of beasts You reach down and open the door.
An orc warrior and 2 orc knights come into view.
The orc knight shouts!
The orc knight barely misses you.
Found a fading flail and a potion of experience.
Okay, then.
There is an open gate here.
The orc knight roars a battlecry!
Aim: an orc knight, wielding a +0 halberd and wearing a +0 scale mail (chance to affect: 31%)
Okay, then.
The orc knight no longer looks unusually strong.
You open the lid... ...and a larval stingbat beast flies out!
The box is emptied!
Your larval stingbat beast barely misses the orc knight.
Aim: an orc knight, wielding a +0 halberd and wearing a +0 scale mail (ally target, chance to affect: 31%)
Okay, then.
Your larval stingbat beast hits the orc knight!
Your larval stingbat beast stings the orc knight.
The orc knight closely misses you.
The orc knight roars a battlecry!
The orc knight goes into a battle-frenzy!
Your larval stingbat beast barely misses the orc knight. x2
The orc knight roars a battlecry!
The orc knight goes into a battle-frenzy!
Aim: an orc knight, wielding a +0 halberd and wearing a +0 scale mail (moderately wounded, strong, ally target, chance to affect: 31%)
The orc knight suddenly stops moving!
Your larval stingbat beast stings the orc knight from afar.
The orc knight is poisoned.
Your larval stingbat beast poisons the orc knight!
Your larval stingbat beast stings the orc knight but does no damage.
Aim: an orc knight, wielding a +0 bardiche and wearing a +0 scale mail (strong, chance to affect: 31%)
The orc knight easily resists.
Your larval stingbat beast stings the orc knight but does no damage. x2
Your larval stingbat beast stings the orc knight from afar.
The orc knight hits you from afar with a +0 bardiche!
A river rat scurries out from under your cloak.
Your larval stingbat beast stings the orc knight from afar.
The orc knight looks as sick as possible!
Your larval stingbat beast poisons the orc knight!
Your larval stingbat beast stings the orc knight from afar.
The orc knight hits you with a +0 bardiche!!
Ouch! That really hurt!
* * * LOW HITPOINT WARNING * * *
A hell rat scurries out from under your cloak.
The orc warrior hits you from afar with a +0 glaive!
You die...

#.............#..##.#)##..#.....
#............##.#########o##....
#............##.')#!.)#)'.##....
#............##.###.8.###.##....
#............##.')#.o.#)'o##....
#............##.####'####.##....
#............##or##∩.o##o.#.....
#.............oo.##'''#..##.....
#............r.@.##...o.##......
#......≈≈)≈≈≈H...##....##...≈≈≈.
#.....≈≈#)##≈....#######....≈##.
#.....≈##.∩#≈...............≈#∩.
#.....≈#.....................)).
#.....≈##.##≈...............≈##.
#.....≈≈###≈≈...............≈≈##
#......≈≈≈≈≈.................≈≈≈
#...............................


You could see 2 orc knights, an orc warrior (strong), a friendly larval stingbat
beast (summoned), a friendly hell rat and a friendly river rat.

Vanquished Creatures
  A boulder beetle (D:8)
  Grinder (D:6)
  10 orc warriors (Bailey)
  3 ice beasts
  2 black bears
  A sky beast (D:6)
  A centaur (D:7)
  2 ogres
  3 bullfrogs
  5 scorpions
  2 wyvern zombies
  A water moccasin skeleton (D:4)
  A howler monkey (D:6)
  A bullfrog zombie (D:6)
  A centaur zombie (D:6)
  A hound (D:6)
  A bullfrog skeleton (D:6)
  3 centaur skeletons
  2 jellies (D:6)
  2 iguanas (D:5)
  2 orc wizards
  A scorpion zombie (D:5)
  4 adders
  2 ufetubi
  2 dart slugs (D:2)
  32 orcs
  An endoplasm (D:3)
  5 giant cockroaches
  A hobgoblin (D:1)
  12 jackals
  4 quokkas
  3 ball pythons
  2 bats (D:2)
  10 goblins
  2 kobolds
  5 rats
132 creatures vanquished.

Vanquished Creatures (collateral kills)
  Maggie (D:6)
  2 centaurs (D:8)
  A wyvern zombie (D:6)
4 creatures vanquished.

Vanquished Creatures (others)
  6 fungi (D:8)
  3 plants (D:8)
9 creatures vanquished.

Grand Total: 145 creatures vanquished

Notes
Turn   | Place    | Note
-------+----------+-------------------------------------------
     0 | Abyss:1  | CryoSword the Tengu Abyssal Knight began the quest for the
                  | Orb.
     0 | Abyss:1  | Reached XP level 1. HP: 14/14 MP: 3/3
     6 | Abyss:1  | Found a broken altar of Ashenzari.
    70 | Abyss:1  | Noticed a jelly
    72 | Abyss:1  | Noticed a spriggan defender zombie
    73 | D:1      | Escaped the Abyss
   456 | D:1      | Found a faded altar of an unknown god.
   508 | D:1      | Reached XP level 2. HP: 15/19 MP: 4/4
   614 | D:1      | Reached skill level 3 in Axes
   733 | D:2      | Reached * piety under Lugonu
  1203 | D:2      | Reached XP level 3. HP: 21/23 MP: 5/5
  1341 | D:2      | Reached skill level 4 in Axes
  1910 | D:3      | Noticed an ice beast
  2219 | D:3      | Reached XP level 4. HP: 20/28 MP: 6/6
  2499 | D:3      | Killed an ice beast
  2500 | D:3      | Reached skill level 6 in Axes
  2500 | D:3      | Gained mutation: Your magical nature lets you fly swiftly
                  | and evasively. [Tengu growth]
  2500 | D:3      | Reached XP level 5. HP: 17/32 MP: 7/7
  3502 | D:4      | Reached XP level 6. HP: 35/37 MP: 8/8
  3554 | D:4      | Reached ** piety under Lugonu
  3959 | D:5      | Entered Level 5 of the Dungeon
  3970 | D:5      | Reached skill level 1 in Stealth
  4302 | D:5      | Reached XP level 7. HP: 39/41 MP: 9/9
  4443 | D:5      | Found the +2 ratskin cloak {*Rats rPois rN+ Str-1 Int-1
                  | Dex+1}
  4550 | D:5      | Reached skill level 7 in Axes
  4932 | D:6      | Found Qyhey's Antique Weapon Emporium.
  4978 | D:6      | Noticed Grinder
  4985 | D:6      | Found a staircase to the Ecumenical Temple.
  4996 | D:6      | Reached XP level 8. HP: 47/48 MP: 11/11
  5007 | D:6      | Reached *** piety under Lugonu
  5292 | D:6      | Noticed Maggie
  5306 | D:6      | Killed Maggie
  5307 | D:6      | Reached skill level 8 in Axes
  6140 | D:6      | Killed Grinder
  6141 | D:6      | Reached XP level 9. HP: 53/53 MP: 12/12
  6151 | D:6      | Reached skill level 15 in Axes
  6151 | D:6      | Reached XP level 10. HP: 58/58 MP: 13/13
  6711 | D:7      | Identified the +1 chain mail of Dice, Bag, and Bottle
                  | {Regen+ SInv}
  7016 | D:8      | Reached skill level 5 in Fighting
  7200 | D:8      | Noticed a boulder beetle
  7212 | D:8      | Killed a boulder beetle
  7268 | D:8      | Found an opulent altar of Gozag.
  7270 | D:8      | Found a flagged portal.
  7284 | Bailey   | Entered a bailey
  7403 | Bailey   | Reached **** piety under Lugonu
  7684 | Bailey   | Noticed an orc knight
  7684 | Bailey   | Noticed an orc knight
  7721 | Bailey   | Slain by an orc warrior

Illustrated notes

Levels and vault maps discovered:
D:1:      dpeg_arrival_rhombus, layout_rooms,
          shapermc_ecumenical_altar_mp_highgroup
D:2:      layout_rooms, corexii_leaking_fountain, minmay_misc_feat_more_columns
D:3:      layout_loops_ring
D:4:      layout_rooms
D:5:      layout_rooms
D:6:      layout_loops_ring, minmay_temple_entry_offerings, serial_shops,
          shop_statue, uniq_maggie, uniq_grinder
D:7:      layout_basic
D:8:      layout_cave_pools, nicolae_gozag_seed_capital,
          grunt_lair_entry_orc_guard_hut, enter_bailey_5, serial_rivers,
          chequers_serial_rivers_micro_c, chequers_serial_rivers_micro_e,
          chequers_serial_rivers_micro_a, chequers_serial_rivers_micro_e,
          chequers_serial_rivers_micro_d, chequers_serial_rivers_micro_d,
          lemuel_old_faithful
Bailey:   bailey_polearm_2, bailey

Skill      XL: |  1  2  3  4  5  6  7  8  9 10 |
---------------+-------------------------------+-----
Axes           | 3 4 6 7 8 15 | 15.2
Stealth        | 1 2 4 |  4.2
Invocations    | 2 3 4 |  4.3
Dodging        | 2 4 8 |  8.2
Armour         | 3 4 |  4.9
Fighting       | 4 5 |  5.1

Action                   |  1- 3 |  4- 6 |  7- 9 | 10-12 || total
-------------------------+-------+-------+-------+-------++-------
Melee: Hand axe          |    83 |    70 |       |       ||   153
       Kick              |    20 |    27 |    34 |    50 ||   131
       Peck              |     8 |    20 |    15 |    34 ||    77
       Trident           |       |    37 |   108 |       ||   145
       Punch             |       |     2 |     3 |     3 ||     8
       War axe           |       |       |       |   110 ||   110
Throw: Dart              |       |     4 |       |       ||     4
Invok: Depart the Abyss  |     1 |       |       |       ||     1
Evoke: Wand              |       |       |     1 |     3 ||     4
       Box of beasts     |       |       |       |     1 ||     1
  Use: Scroll            |     3 |     4 |     4 |     1 ||    12
       Potion            |       |       |     1 |     1 ||     2
 Stab: Distracted        |     1 |       |       |     1 ||     2
       Sleeping          |     1 |       |     3 |     1 ||     5
       Paralysed         |       |       |     5 |     8 ||    13
Armor: Leather armour    |    20 |    25 |    10 |       ||    55
       Acid dragon scale |       |       |    12 |     1 ||    13
       Chain mail        |       |       |       |    54 ||    54
Dodge: Dodged            |    64 |    83 |    40 |    59 ||   246
